[Event "Team 45 45 League T41"]
[Site "Internet Chess Club"]
[Date "2009.06.21"]
[Round "8"]
[White "chessateer"]
[Black "Paulkov"]
[Result "0-1"]
[WhiteElo "1822"]
[BlackElo "1914"]
[Opening "Sicilian: closed, Korchnoi variation"]
[ECO "B23"]
[Time "14:00:26"]
[TimeControl "2700+45"]

1. e4 c5 2. Nc3 e6 3. g3 d5 4. exd5 exd5 5. Bg2 Nf6 6. d3 Be7 7. Nge2 d4 8. Ne4
Nxe4 9. dxe4 Nc6 10. O-O O-O 11. Bf4 Be6 12. a3 Rc8 13. b3 c4 14. bxc4 Bxc4 15.
Re1 Re8 16. Bh3 Ra8 17. Nc1 Bd6 18. Bxd6 Qxd6 19. f4 Rad8 20. Nd3 b6 21. Bg2 Qg6
22. Qf3 Rc8 23. Bh3 Rc7 24. Bf5 Qf6 25. g4 Qh4 26. e5 Ne7 27. Be4 Rd8 28. Re2
Nd5 29. Bxd5 Bxd5 30. Qg3 Qxg3+ 31. hxg3 Bf3 32. Rd2 Bxg4 33. Nf2 Bf5 34. g4
Rxc2 35. Rxc2 Bxc2 36. Rc1 d3 37. Nd1 Rc8 38. Kf2 d2 39. Ra1 Bb3 40. Rb1 Ba4 41.
Ne3 Rc1 42. Rb4 d1=Q 43. Nxd1 Bxd1 44. Rd4 Kf8 45. Rd7 a5 46. Rd6 Bxg4 47. Rxb6
Rc3 48. a4 Rf3+ 49. Kg2 Rxf4 50. Rb8+ Ke7 51. Rb7+ Bd7 52. e6 fxe6 53. Ra7 Rxa4
54. Kh2 Ra3 55. Rc7 g5 56. Ra7 h5 57. Rc7 Kd6 58. Rc4 Bc6 59. Rc2 Bd5 60. Rc8
Ra2+ 61. Kg1 a4 62. Rc3 a3 63. Re3 Rg2+ 64. Kf1 a2 65. Ra3 h4 66. Ra6+ Ke5 67.
Ra7 Rb2 68. Kg1 Rb1+ 69. Kh2 Rh1# {White checkmated} 0-1

[Event "Team 45 45 League T41"]
[Site "Internet Chess Club"]
[Date "2009.06.21"]
[Round "8"]
[White "AntonioMendonca"]
[Black "ddlj81"]
[Result "1-0"]
[WhiteElo "1750"]
[BlackElo "1832"]
[Opening "Scotch game"]
[ECO "C45"]
[Time "18:00:35"]
[TimeControl "2700+45"]

1. e4 e5 2. Nf3 Nc6 3. d4 exd4 4. Nxd4 Bc5 5. Be3 Qf6 6. c3 Nge7 7. Bc4 Ne5 8.
Be2 Qg6 9. O-O d6 10. f3 Bh3 11. Rf2 O-O-O 12. b4 Bb6 13. a4 c5 14. a5 cxd4 15.
cxd4 Bc7 16. dxe5 d5 17. Bxa7 dxe4 18. Qc1 Nc6 19. Bb6 Bxe5 20. Ra3 Kb8 21. f4
Nd4 22. fxe5 Bxg2 23. Qc7+ Ka8 24. Rxg2 Nxe2+ 25. Kf2 Qf5+ 26. Kxe2 Qh5+ 27. Kf2
Qf5+ 28. Ke1 Rc8 29. Rf2 Qg5 30. Rg3 Qh6 31. Qd7 Qc1+ 32. Qd1 Qh6 33. Nc3 Rhe8
34. Rxf7 Qxh2 35. Rfxg7 Qh1+ 36. Rg1 Qh4+ 37. Bf2 Qf4 38. Bg3 Qe3+ 39. Kf1 Rxc3
40. Kg2 Rec8 41. Rf1 Rc2+ 42. Rf2 Rc1 43. Qd7 Qe1 44. Qxb7# {Black checkmated}
1-0

[Event "Team 45 45 League T41"]
[Site "Internet Chess Club"]
[Date "2009.06.21"]
[Round "8"]
[White "touchthis"]
[Black "rayngrant"]
[Result "1-0"]
[WhiteElo "1879"]
[BlackElo "1581"]
[Opening "KGA: Schallop defense"]
[ECO "C34"]
[Time "23:05:20"]
[TimeControl "2700+45"]

1. e4 e5 2. f4 exf4 3. Nf3 Nf6 4. Nc3 Nc6 5. d4 d6 6. Bxf4 Be7 7. Bc4 O-O 8. O-O
Bg4 9. Qd2 Nh5 10. Be3 Kh8 11. Ng5 Bxg5 12. Bxg5 f6 13. Bh4 g5 14. Bf2 Nf4 15.
Be3 Ng6 16. Rf2 Nh4 17. Raf1 Kg7 18. Bxg5 Ng6 19. Bh6+ Kh8 20. Bxf8 Qxf8 21.
Rxf6 Qe7 22. Rf7 Qh4 23. Ne2 Bxe2 24. Bxe2 Qxe4 25. Qh6 {Black resigns} 1-0

[Event "Team 45 45 League T41"]
[Site "Internet Chess Club"]
[Date "2009.06.22"]
[Round "8"]
[White "Rhel"]
[Black "RandyPCC"]
[Result "1-0"]
[WhiteElo "1615"]
[BlackElo "1692"]
[Opening "QGD semi-Slav: Bogolyubov variation"]
[ECO "D46"]
[Time "14:30:08"]
[TimeControl "2700+45"]

1. d4 d5 2. c4 c6 3. Nf3 Nf6 4. e3 e6 5. Nc3 Nbd7 6. Bd3 Be7 7. O-O O-O 8. e4
dxe4 9. Nxe4 Nxe4 10. Bxe4 Nf6 11. Bc2 c5 12. Bg5 cxd4 13. Qd3 g6 14. Qxd4 b6
15. Qh4 Re8 16. Rad1 Nd7 17. Be4 Rb8 18. Bc6 f6 19. Bf4 e5 20. Bd5+ Kh8 21. Bf7
Kg7 22. Qh6+ Kh8 23. Bxg6 Nf8 24. Rxd8 Rxd8 25. Nh4 Rb7 26. Be4 Rc7 27. Ng6+
Nxg6 28. Bxg6 Bf8 29. Qh4 Rd6 30. Be3 Bb7 31. h3 Rg7 32. Be4 Bc8 33. Qh5 Rgd7
34. Bf5 Rc7 35. Bxc8 Rxc8 36. Qf5 Rcd8 37. c5 Rc6 38. cxb6 axb6 39. Rc1 Rcd6 40.
Rc7 Bg7 41. Bh6 Rg8 42. Bxg7+ Rxg7 43. Rxg7 Kxg7 44. Qc8 Rd2 45. Qc7+ Kg6 46.
Qxb6 e4 47. a4 Re2 48. a5 Kg5 49. Qe3+ Rxe3 50. fxe3 {Black resigns} 1-0

[Event "Team 45 45 League T41"]
[Site "Internet Chess Club"]
[Date "2009.06.20"]
[Round "8"]
[White "kabindra"]
[Black "Thersites"]
[Result "1-0"]
[WhiteElo "1818"]
[BlackElo "1699"]
[Opening "Sicilian: Labourdonnais-Löwenthal (Kalashnikov) variation"]
[ECO "B32"]
[Time "10:00:55"]
[TimeControl "2700+45"]

1. e4 c5 2. Nf3 Nc6 3. d4 cxd4 4. Nxd4 e5 5. Nb5 d6 6. Be3 a6 7. N5c3 Be6 8. Nd5
Nge7 9. Bb6 Qc8 10. Nc7+ Kd7 11. Nxa8 Qxa8 12. Nc3 Qc8 13. a3 f5 14. exf5 Nxf5
15. Bd3 Be7 16. Bxf5 Bxf5 17. Nd5 Rf8 18. O-O Qe8 19. Ne3 Be6 20. Qd3 Nd8 21.
Qe4 Nc6 22. Rad1 g6 23. c4 Bf5 24. Nxf5 gxf5 25. Qd5 Qg6 26. b4 Rg8 27. Qf3 e4
28. Qg3 Qe6 29. Qh3 Ne5 30. Rd5 Nf3+ 31. Kh1 Ng5 32. Qxf5 Qxf5 33. Rxf5 Ke6 34.
Rd5 Bf6 35. Rfd1 Be5 36. Bd4 Nf7 37. Bxe5 Nxe5 38. R5d4 Kf5 39. Rxd6 Ng4 40. Kg1
Kf4 41. h3 Ne5 42. c5 Rg7 43. Kf1 Nc4 44. g3+ Kf5 45. R1d5+ Ne5 46. g4+ Kf4 47.
Rf6+ Kg5 48. Rf5+ {Black resigns} 1-0

[Event "Team 45 45 League T41"]
[Site "Internet Chess Club"]
[Date "2009.06.19"]
[Round "8"]
[White "Monsieur"]
[Black "chess9397"]
[Result "0-1"]
[WhiteElo "1592"]
[BlackElo "1832"]
[Opening "Catalan: closed"]
[ECO "E02"]
[Time "19:25:02"]
[TimeControl "2700+45"]

1. d4 Nf6 2. c4 e6 3. g3 d5 4. Bg2 dxc4 5. e4 Nc6 6. e5 Nd5 7. Nf3 Bb4+ 8. Bd2
O-O 9. Bxb4 Ndxb4 10. O-O Nd3 11. b3 Nxd4 12. bxc4 Nxf3+ 13. Qxf3 Nxe5 14. Qe4
Nc6 15. Nc3 e5 16. Rad1 Qf6 17. Nd5 Qg5 18. h4 Qh5 19. Bf3 Bf5 20. Qe2 Qg6 21.
Rc1 Bd3 22. Qe3 Bxf1 23. Rxf1 Qd6 24. Rd1 Nd4 25. Bh5 c6 26. Nc3 Rad8 27. Ne4
Qe6 28. Rc1 Nf5 29. Qb3 Qh6 30. Bxf7+ Rxf7 31. Ng5 Rfd7 32. c5+ Kh8 33. Kg2 Qf6
34. Ne4 Qe7 35. Qf3 Rf8 36. Qh5 Qf7 37. Qe2 Nd4 38. Qe3 Nf5 39. Qa3 Qd5 40. Re1
a6 41. Kh3 Nd4 42. Qb2 Nf3 43. Re3 Nd2 44. Nxd2 Qxd2 45. Qxe5 Qxf2 46. Kg4 Qxa2
47. h5 Qc4+ 48. Re4 Qd5 49. h6 Qxe5 50. Rxe5 gxh6 51. Re6 Kg7 52. Re4 Rff7 53.
Re8 Rd5 54. Rb8 Rxc5 55. Kh4 Rc4+ 56. g4 b5 57. Kh5 a5 58. g5 hxg5 59. Kxg5 a4
60. Kh5 a3 61. Ra8 Ra4 62. Rc8 a2 63. Rxc6 a1=Q 64. Rf6 Qe5+ {White resigns} 0-1

[Event "Team 45 45 League T41"]
[Site "Internet Chess Club"]
[Date "2009.06.19"]
[Round "8"]
[White "chess9793"]
[Black "civilization"]
[Result "1-0"]
[WhiteElo "1880"]
[BlackElo "1659"]
[Opening "Sicilian: Pin variation (Sicilian counter-attack)"]
[ECO "B41"]
[Time "13:09:42"]
[TimeControl "2700+45"]

1. e4 c5 2. Nf3 e6 3. d4 cxd4 4. Nxd4 Nf6 5. Nc3 Bb4 6. Bd3 Nc6 7. Nxc6 bxc6 8.
Bd2 d5 9. O-O O-O 10. exd5 cxd5 11. Ne2 Bxd2 12. Qxd2 a5 13. f4 Ba6 14. Bxa6
Rxa6 15. a4 Qb6+ 16. Qd4 Rc8 17. Rfc1 Ne4 18. Qxb6 Rxb6 19. b3 g6 20. g3 Nc3 21.
Kf2 Nxe2 22. Kxe2 Rc3 23. Kd2 Rbc6 24. Ra2 Kf8 25. Re1 Ke7 26. Re3 Rxe3 27. Kxe3
Kd6 28. Kd4 f6 29. c3 e5+ 30. fxe5+ fxe5+ 31. Kd3 Rb6 32. Rb2 Kc5 33. b4+ axb4
34. a5 e4+ 35. Ke3 Ra6 36. cxb4+ Kc4 37. Rb1 Kc3 38. Rd1 Kxb4 39. Rxd5 Re6 40.
Rd4+ Kxa5 41. Rxe4 Rf6 42. Re7 h5 43. Ke4 Kb5 44. Ke5 Rf2 45. Rg7 Rxh2 46. Rxg6
h4 47. g4 h3 48. Rh6 Kc5 49. Kf4 Kd5 50. Kg3 Rc2 51. Kxh3 Ke5 52. Kh4 Kf4 53.
Rf6+ Ke5 54. Kg5 Rc8 55. Rf5+ Ke6 56. Ra5 Rg8+ 57. Kf4 Rf8+ 58. Kg3 Rg8 59. g5
Kf7 60. Kg4 Kg6 61. Ra6+ Kf7 62. Kf5 Kg7 63. Ra7+ Kh8 64. Kf6 Rf8+ 65. Rf7 Rb8
66. Kg6 Kg8 67. Rf6 Rb7 68. Rc6 Rg7+ 69. Kh6 Rh7+ 70. Kg6 Rg7+ 71. Kh5 Rh7+ 72.
Kg4 Rb7 73. Rc8+ Kg7 74. Kh5 Rb5 75. Rc7+ Kg8 76. Kh6 Rb4 77. Rc8+ Kf7 78. g6+
Kf6 79. Rc6+ Kf5 80. Kh7 Rh4+ 81. Kg8 Ke5 82. g7 Kd5 83. Rf6 Ke5 84. Kf7 Rh7 85.
Kg6 {Black resigns} 1-0

[Event "Team 45 45 League T41"]
[Site "Internet Chess Club"]
[Date "2009.06.20"]
[Round "8"]
[White "Ianjo"]
[Black "fishhead"]
[Result "1-0"]
[WhiteElo "1887"]
[BlackElo "1825"]
[Opening "Queen's pawn game"]
[ECO "A32"]
[Time "12:00:09"]
[TimeControl "2700+45"]

1. d4 Nf6 2. c4 e6 3. Nf3 c5 4. Nc3 cxd4 5. Nxd4 Bb4 6. Qc2 Nc6 7. e3 O-O 8. Bd3
Ne5 9. Be2 d5 10. cxd5 Nxd5 11. O-O Nxc3 12. bxc3 Be7 13. Rd1 Qc7 14. Nb5 Qc6
15. Nd4 Qc5 16. a4 a6 17. h3 b6 18. Ba3 Qc7 19. Bxe7 Qxe7 20. Qe4 Ng6 21. Qxa8
Bb7 22. Qa7 Nh4 23. Bf3 {Black resigns} 1-0

[Event "Team 45 45 League T41"]
[Site "Internet Chess Club"]
[Date "2009.06.20"]
[Round "8"]
[White "LuxAeterna"]
[Black "woodmover"]
[Result "1-0"]
[WhiteElo "1810"]
[BlackElo "1699"]
[Opening "French: Albin-Alekhine-Châtard attack, Spielmann variation"]
[ECO "C13"]
[Time "10:16:11"]
[TimeControl "2700+45"]

1. e4 e6 2. d4 d5 3. Nc3 Nf6 4. Bg5 Be7 5. e5 Nfd7 6. h4 O-O 7. Bd3 c5 8. Nh3 f5
9. Nf4 Nb6 10. g4 c4 11. Bf1 Bxg5 12. hxg5 Qxg5 13. Nh3 Qxg4 14. Be2 Qh4 15. Qd2
f4 16. Bf3 Nc6 17. O-O-O Qe7 18. Rdg1 Bd7 19. Nxf4 Be8 20. Bh5 Rf5 21. Bg4 Rxf4
22. Qxf4 g6 23. Rh3 Qf7 24. Qd2 Ne7 25. Rgh1 h5 26. Qg5 Nd7 27. Rxh5 Nf8 28.
Rh8+ Kg7 29. Qh6# {Black checkmated} 1-0

[Event "Team 45 45 League T41"]
[Site "Internet Chess Club"]
[Date "2009.06.22"]
[Round "8"]
[White "cknights"]
[Black "raimundo"]
[Result "1-0"]
[WhiteElo "1625"]
[BlackElo "1797"]
[Opening "QGD semi-Slav: 5.e3"]
[ECO "D45"]
[Time "12:30:27"]
[TimeControl "2700+45"]

1. d4 d5 2. c4 c6 3. Nc3 Nf6 4. Nf3 e6 5. e3 Bb4 6. Bd3 O-O 7. O-O dxc4 8. Bxc4
b5 9. Bd3 Bb7 10. Bd2 a6 11. Ne4 Bxd2 12. Nxf6+ Qxf6 13. Nxd2 c5 14. Qh5 g6 15.
Qxc5 Nd7 16. Qc7 Bc6 17. Qxc6 Rfd8 18. a4 bxa4 19. Rxa4 a5 20. Nc4 Rac8 21. Qe4
Qe7 22. Rxa5 Qb4 23. Ra7 Nf6 24. Qb7 Qf8 25. Ne5 Rb8 26. Qf3 {Black resigns} 1-0

[Event "Team 45 45 League T41"]
[Site "Internet Chess Club"]
[Date "2009.06.23"]
[Round "8"]
[White "tsia68"]
[Black "playwaycool"]
[Result "0-1"]
[WhiteElo "1913"]
[BlackElo "2158"]
[Opening "English opening"]
[ECO "A10"]
[Time "16:02:14"]
[TimeControl "2700+45"]

1. c4 g5 2. d4 Bg7 3. Bxg5 c5 4. Be3 Nc6 5. Nf3 Qb6 6. Nc3 cxd4 7. Nd5 Qxb2 8.
Rb1 Qxa2 9. Nc7+ Kd8 10. Nxa8 dxe3 11. fxe3 Nf6 12. h3 Ne4 13. Nd4 Qa5+ {White
resigns} 0-1

[Event "Team 45 45 League T41"]
[Site "Internet Chess Club"]
[Date "2009.06.20"]
[Round "8"]
[White "bobhill"]
[Black "PJ"]
[Result "1-0"]
[WhiteElo "2012"]
[BlackElo "1746"]
[Opening "Queen's Indian defense"]
[ECO "A47"]
[Time "09:00:28"]
[TimeControl "2700+45"]

1. d4 Nf6 2. Nf3 b6 3. Bg5 Bb7 4. e3 e6 5. Bd3 Be7 6. O-O O-O 7. Nbd2 d6 8. Bxf6
Bxf6 9. Ne4 Be7 10. Nfd2 f5 11. Ng3 d5 12. f4 Nd7 13. c4 c6 14. cxd5 cxd5 15.
Rc1 Nf6 16. Nf3 Qd6 17. a3 a6 18. Qe2 b5 19. Ne5 Nd7 20. Nf3 Rfc8 21. b4 Nb6 22.
Ne5 Nd7 23. Qh5 Rf8 24. Ne2 Nxe5 25. fxe5 Qd7 26. Nf4 Bd8 27. Nxe6 Qxe6 28. Rxf5
g6 29. Rxf8+ Kg7 30. Qf3 Be7 31. Rxa8 Bxa8 32. Rc7 Kg8 33. Qh3 {Black resigns}
1-0

[Event "Team 45 45 League T41"]
[Site "Internet Chess Club"]
[Date "2009.06.20"]
[Round "8"]
[White "room-matt"]
[Black "vollmerj"]
[Result "1-0"]
[WhiteElo "1792"]
[BlackElo "1745"]
[Opening "Alekhine's defense: exchange variation"]
[ECO "B02"]
[Time "13:30:08"]
[TimeControl "2700+45"]

1. e4 Nf6 2. e5 Nd5 3. c4 Nb6 4. d4 d6 5. exd6 cxd6 6. Nc3 g6 7. Be3 Bg7 8. Rc1
O-O 9. b3 Nc6 10. d5 Ne5 11. Be2 e6 12. f4 Ned7 13. dxe6 fxe6 14. Qxd6 Nf6 15.
Qxd8 Rxd8 16. Nf3 Ng4 17. Bc5 Bd7 18. h3 Nf6 19. O-O Bc6 20. Ng5 Re8 21. g3 Nbd7
22. Bd4 Ne4 23. Bxg7 Nxg5 24. fxg5 Kxg7 25. Rce1 Rf8 26. Bg4 Rxf1+ 27. Rxf1 Re8
28. b4 Ne5 29. Be2 Rf8 30. h4 Bf3 31. Bxf3 Nxf3+ 32. Kg2 Ne5 33. c5 Rd8 34. Rf6
Re8 35. Ne4 Ng4 36. Rf3 Ne5 37. Nd6 Re7 38. Re3 Nc6 39. a3 Nd4 40. Re4 Nc2 41.
a4 a6 42. b5 axb5 43. axb5 e5 44. g4 Nd4 45. Re1 Nc2 46. Rc1 Ne3+ 47. Kf3 Nd5
48. c6 bxc6 49. bxc6 Nc7 50. Ra1 Nd5 51. h5 gxh5 52. Nf5+ Kf7 53. Nxe7 hxg4+ 54.
Kxg4 Kxe7 55. Ra7+ Kd6 56. Rxh7 Kxc6 57. Kf5 Kd6 58. Rh6+ Ke7 59. Kxe5 Ne3 60.
Kf4 Nd5+ 61. Ke4 Nc3+ 62. Ke5 Kf7 63. Rf6+ Kg7 64. g6 Nd5 65. Ra6 Nb4 66. Rb6
Nd3+ 67. Kf5 Nc5 68. Rc6 Nb3 69. Rc7+ Kg8 70. Kf6 Nd4 71. Rc8# {Black
checkmated} 1-0

[Event "Team 45 45 League T41"]
[Site "Internet Chess Club"]
[Date "2009.06.21"]
[Round "8"]
[White "akdog3"]
[Black "AMAV"]
[Result "1-0"]
[WhiteElo "2232"]
[BlackElo "1948"]
[Opening "Réti: King's Indian attack (Barcza system)"]
[ECO "A07"]
[Time "13:06:18"]
[TimeControl "2700+45"]

1. Nf3 d5 2. g3 c6 3. Bg2 Bg4 4. c4 e6 5. cxd5 exd5 6. O-O Nd7 7. d3 Ngf6 8. Nc3
Be7 9. h3 Bxf3 10. Bxf3 O-O 11. Bg2 d4 12. Nb1 Re8 13. Nd2 Ne5 14. a3 a5 15. Qc2
Qb6 16. Rb1 a4 17. b3 axb3 18. Rxb3 Qa7 19. Nf3 Nxf3+ 20. Bxf3 Bd6 21. Bd2 Qb8
22. Rfb1 Bxg3 23. Rxb7 Bxf2+ 24. Kxf2 Qh2+ 25. Kf1 Qxh3+ 26. Bg2 Qf5+ 27. Kg1
Ng4 28. Rf1 Qh5 29. Rfxf7 Qh2+ 30. Kf1 Rf8 31. Qc4 Kh8 32. Qxd4 Nf6 33. Rxg7
Rad8 34. Rxh7+ Qxh7 35. Rxh7+ Kxh7 36. Qh4+ Kg6 37. Qg5+ Kf7 38. Bxc6 Ke6 39.
Bf3 Rg8 40. Qe3+ Kf7 41. Bc3 Rde8 42. Qf4 {Black resigns} 1-0

[Event "Team 45 45 League T41"]
[Site "Internet Chess Club"]
[Date "2009.06.19"]
[Round "8"]
[White "playwaycool"]
[Black "alexdb"]
[Result "1-0"]
[WhiteElo "2134"]
[BlackElo "1969"]
[Opening "Trompowsky attack (Ruth, Opocenský opening)"]
[ECO "A45"]
[Time "16:30:29"]
[TimeControl "2700+45"]

1. d4 Nf6 2. Bg5 c5 3. Bxf6 gxf6 4. d5 Qb6 5. Qc1 f5 6. c3 Bh6 7. Qc2 e6 8. c4
Na6 9. a3 Qa5+ 10. Nc3 Nb4 11. Qd1 Na6 12. e3 Bg7 13. Ne2 Qb6 14. Rb1 d6 15. Nb5
e5 16. Nec3 Bd7 17. Be2 Ke7 18. O-O Qd8 19. b4 b6 20. Na4 Nc7 21. bxc5 Nxb5 22.
cxb5 bxc5 23. Bc4 Qa5 24. f4 e4 25. Nxc5 dxc5 26. d6+ Kd8 27. Qd5 Rb8 28. Qxf7
Qc3 29. Qe7+ Kc8 30. Be6 Rb7 31. Rfc1 Qxe3+ 32. Kh1 Bd4 33. Bd5 Rb6 34. Bc6 Rd8
35. a4 Qxf4 36. a5 Be5 37. Bxd7+ Rxd7 38. Rxc5+ Kb8 39. Qe8+ Kb7 40. Qc8# {Black
checkmated} 1-0

[Event "Team 45 45 League T41"]
[Site "Internet Chess Club"]
[Date "2009.06.21"]
[Round "8"]
[White "Wheels"]
[Black "Gregorio"]
[Result "1-0"]
[WhiteElo "1995"]
[BlackElo "2001"]
[Opening "Ruy Lopez: Bird's defense"]
[ECO "C61"]
[Time "21:37:25"]
[TimeControl "2700+45"]

1. e4 e5 2. Nf3 Nc6 3. Bb5 Nd4 4. Nxd4 exd4 5. O-O Bc5 6. d3 c6 7. Ba4 d6 8. Nd2
Ne7 9. Nf3 Ng6 10. Bd2 Ne5 11. h3 Nxf3+ 12. Qxf3 O-O 13. Bb3 Kh8 14. Qg3 f5 15.
f3 Qf6 16. Bf4 Re8 17. Rae1 Qf8 18. a3 Bd7 19. Ba2 a5 20. Qh2 Be6 21. Bxe6 Rxe6
22. Qg3 Rg6 23. Qh4 fxe4 24. Rxe4 d5 25. Re2 b5 26. Kh1 a4 27. Be5 Re8 28. Rfe1
Re7 29. Bxd4 Bxd4 30. Rxe7 {Black resigns} 1-0

[Event "Team 45 45 League T41"]
[Site "Internet Chess Club"]
[Date "2009.06.21"]
[Round "8"]
[White "Monsieur"]
[Black "Philly-Boy"]
[Result "1-0"]
[WhiteElo "1617"]
[BlackElo "1780"]
[Opening "QGD: Chigorin defense"]
[ECO "D07"]
[Time "19:30:08"]
[TimeControl "2700+45"]

1. d4 d5 2. c4 Nc6 3. Nf3 Bg4 4. e3 e6 5. Nc3 Bb4 6. Be2 dxc4 7. Bxc4 Nge7 8.
O-O O-O 9. a3 Bxc3 10. bxc3 Nd5 11. Bb2 f5 12. h3 Bh5 13. Ba2 b5 14. a4 b4 15.
cxb4 Ncxb4 16. Ba3 Rb8 17. Bc4 a5 18. Re1 Rf6 19. Rc1 g5 20. e4 fxe4 21. Rxe4
Qf8 22. Bxb4 axb4 23. Rxe6 c6 24. Rxc6 Rd8 25. Rxf6 Qxf6 26. Bxd5+ Rxd5 27. Qb3
Bf7 28. Qxb4 Qf4 29. Rc8+ Kg7 30. Qf8+ Kf6 31. Rc6+ {Black resigns} 1-0

[Event "Team 45 45 League T41"]
[Site "Internet Chess Club"]
[Date "2009.06.19"]
[Round "8"]
[White "nardz"]
[Black "Ben622"]
[Result "0-1"]
[WhiteElo "2053"]
[BlackElo "2031"]
[Opening "Queen's pawn: Torre attack"]
[ECO "A45"]
[Time "20:30:03"]
[TimeControl "2700+45"]

1. d4 Nf6 2. Bg5 e6 3. Nf3 d5 4. e3 Be7 5. c4 O-O 6. Bd3 c5 7. O-O cxd4 8. cxd5
dxe3 9. Bxe3 Nxd5 10. Bd4 Nc6 11. Be5 Nxe5 12. Nxe5 Bf6 13. Re1 Nb4 14. Re3 Bxe5
15. Bxh7+ Kxh7 16. Qh5+ Kg8 17. Rh3 f5 18. Nc3 Qf6 19. Rd1 Bxc3 20. bxc3 Nd5 21.
c4 Nf4 22. Qh7+ Kf7 23. Rh4 Ng6 {White resigns} 0-1

[Event "Team 45 45 League T41"]
[Site "Internet Chess Club"]
[Date "2009.06.19"]
[Round "8"]
[White "TOXIC-AVENGER"]
[Black "QueensCounselor"]
[Result "0-1"]
[WhiteElo "1885"]
[BlackElo "2043"]
[Opening "Four knights: Scotch, 4...exd4"]
[ECO "C47"]
[Time "14:10:04"]
[TimeControl "2700+45"]

1. e4 e5 2. Nf3 Nf6 3. Nc3 Nc6 4. d4 exd4 5. Nxd4 Bb4 6. Nxc6 bxc6 7. Bd3 d5 8.
exd5 cxd5 9. O-O O-O 10. Bg5 c6 11. Ne2 Re8 12. Nd4 Qd6 13. c3 Bc5 14. Qc2 h6
15. Bh4 Bd7 16. Bg3 Qf8 17. Nf5 Ne4 18. Nd4 Nxg3 19. fxg3 Re5 20. b4 Bb6 21. Kh1
Rae8 22. a4 Qe7 23. b5 c5 24. Nf3 Re3 25. c4 d4 26. Bh7+ Kh8 27. Bd3 Bc7 28. a5
Qe6 29. Qd2 Qg4 30. Rae1 Rxe1 31. Rxe1 Rxe1+ 32. Qxe1 Qe6 33. Qd2 Qe8 34. Kg1
Qd8 35. a6 Qe7 36. Kf2 Kg8 37. h3 Qd6 38. g4 Qg3+ 39. Kf1 Be6 40. Qe2 Qf4 41.
Ke1 Kf8 42. Kd1 Bd7 43. Qe4 Qxe4 44. Bxe4 Be6 45. Bd3 Ke7 46. Nd2 g6 47. Ne4 Bb6
48. g5 hxg5 49. Nxg5 Bd7 50. Ke2 f5 51. Kf3 Kf6 52. h4 Bc7 53. g3 Ba5 54. Nh3
Ke5 55. Nf4 Be8 56. g4 Bd8 57. gxf5 gxf5 58. h5 Bg5 59. Ng6+ Kf6 60. Kf2 Ke6 61.
Bf1 Bd8 62. Nf4+ Kf7 63. Bg2 Kg8 64. Bd5+ Kh7 65. Be6 Kh6 66. Bxf5 Bxh5 67. Ne6
Bb6 68. Kg3 Be2 69. Nf8 Bxc4 70. Bd7 d3 71. Kf3 d2 {White resigns} 0-1

[Event "Team 45 45 League T41"]
[Site "Internet Chess Club"]
[Date "2009.06.20"]
[Round "8"]
[White "livis"]
[Black "BRAINWAVE"]
[Result "1-0"]
[WhiteElo "2046"]
[BlackElo "1748"]
[Opening "Owen defense"]
[ECO "B00"]
[Time "14:45:16"]
[TimeControl "2700+45"]

1. e4 b6 2. Nf3 Bb7 3. Bc4 e6 4. Nc3 g6 5. O-O Bg7 6. d4 h6 7. Qd3 Ne7 8. d5 O-O
9. Be3 Qc8 10. Qd2 g5 11. h4 g4 12. Nh2 h5 13. Bh6 Ng6 14. Qg5 Qd8 15. Qxh5 Qxh4
16. Qxh4 Nxh4 17. Bxg7 Kxg7 18. Nxg4 f5 19. exf5 exf5 20. Nh2 Na6 21. Rfe1 Rae8
22. g3 Ng6 23. f4 Nc5 24. Nf3 a6 25. b4 Ne4 26. Nxe4 fxe4 27. Ng5 e3 28. Re2 Rf5
29. Rae1 Bxd5 30. Bd3 Rf6 31. Rxe3 Rh8 32. Kf1 b5 33. a3 Rh5 34. Ke2 Rh2+ 35.
Kd1 c6 36. f5 Nf8 37. Re7+ Kh6 38. Ne4 Bxe4 39. R7xe4 Rh3 40. g4 Kg5 41. Kc1 Rg3
42. Re7 Kxg4 43. Rg7+ Kf3 44. Rge7 Kg4 45. R1e4+ Kh3 46. Rf4 {Black forfeits on
time} 1-0

[Event "Team 45 45 League T41"]
[Site "Internet Chess Club"]
[Date "2009.06.21"]
[Round "8"]
[White "betto2506"]
[Black "fileman"]
[Result "0-1"]
[WhiteElo "1421"]
[BlackElo "1878"]
[Opening "KP: Nimzovich defense"]
[ECO "B00"]
[Time "08:00:08"]
[TimeControl "2700+45"]

1. e4 Nc6 2. Nf3 d6 3. d4 Bg4 4. Be2 e6 5. c3 Be7 6. h3 Bh5 7. Be3 Nf6 8. Nbd2
O-O 9. e5 Nd5 10. O-O dxe5 11. Nxe5 Bxe2 12. Qxe2 Nxe5 13. dxe5 Nxe3 14. Qxe3
Qd5 15. Nb3 c5 16. Rfd1 Qc6 17. Rd2 Rad8 18. Rad1 b6 19. Rxd8 Rxd8 20. Rxd8+
Bxd8 21. Qd2 Qd5 22. Qxd5 exd5 23. Nd2 Kf8 24. Kf1 Ke7 25. Ke2 Ke6 26. f4 h6 27.
b3 g5 28. g3 Kf5 29. Kf3 f6 30. g4+ Ke6 31. exf6 gxf4 32. Kxf4 Bxf6 33. Nb1 b5
34. c4 dxc4 35. bxc4 b4 36. Ke4 a5 37. Nd2 a4 38. Nb1 Bg5 39. a3 Bc1 40. axb4
cxb4 41. Kd4 a3 42. c5 a2 {White resigns} 0-1

[Event "Team 45 45 League T41"]
[Site "Internet Chess Club"]
[Date "2009.06.21"]
[Round "8"]
[White "Ptzz"]
[Black "Fidius"]
[Result "0-1"]
[WhiteElo "2079"]
[BlackElo "2225"]
[Opening "QGD: exchange, positional line"]
[ECO "D35"]
[Time "16:11:51"]
[TimeControl "2700+45"]

1. d4 d5 2. c4 e6 3. Nc3 Nf6 4. cxd5 exd5 5. Bg5 Bb4 6. e3 h6 7. Bh4 O-O 8. Bd3
Be6 9. Nf3 Nbd7 10. O-O c5 11. a3 Bxc3 12. bxc3 c4 13. Bc2 Qa5 14. Qd2 Ne4 15.
Bxe4 dxe4 16. Ne1 Nb6 17. Nc2 Qb5 18. Rab1 Qd7 19. Nb4 a5 20. Nc2 Na4 21. Qe1 b5
22. f3 Bd5 23. Bg3 f5 24. Be5 exf3 25. gxf3 Rae8 26. Kf2 g5 27. Ke2 Rxe5 28.
dxe5 Be4 29. fxe4 Qd3+ 30. Kf2 Qxc2+ 31. Kg1 Nxc3 32. h3 Ne2+ 33. Kh1 Qxe4+ 34.
Kh2 Qxe5+ 35. Kh1 Qxe3 {White resigns} 0-1

[Event "Team 45 45 League T41"]
[Site "Internet Chess Club"]
[Date "2009.06.19"]
[Round "8"]
[White "hewdondada"]
[Black "Zumbi"]
[Result "0-1"]
[WhiteElo "1771"]
[BlackElo "2057"]
[Opening "QGD semi-Slav"]
[ECO "D43"]
[Time "21:22:53"]
[TimeControl "2700+45"]

1. d4 d5 2. c4 e6 3. Nc3 c6 4. Nf3 Nf6 5. cxd5 exd5 6. Bg5 Be7 7. Qc2 g6 8. e3
Bf5 9. Bd3 Bxd3 10. Qxd3 Nbd7 11. O-O O-O 12. Rab1 a5 13. Rfc1 Re8 14. Na4 Ne4
15. Bxe7 Qxe7 16. a3 g5 17. Nd2 Ndf6 18. Nc5 Qc7 19. Ncxe4 dxe4 20. Qb5 h6 21.
Qf5 Qe7 22. Nc4 Qe6 23. Qxe6 Rxe6 24. Ne5 a4 25. Rc4 Nd5 26. Rbc1 Re7 27. Rc5
Nb6 28. Ng4 Kg7 29. Rf5 Nd7 30. Ne5 Nxe5 31. Rxe5 Rxe5 32. dxe5 Kg6 33. f4 exf3
34. gxf3 Rd8 35. Rc4 Rd1+ 36. Kg2 Rd2+ 37. Kg3 Rxb2 38. Rxa4 Kf5 39. Rb4 Rxb4
40. axb4 Kxe5 41. Kg4 b6 42. f4+ gxf4 43. exf4+ Kf6 44. h4 c5 45. bxc5 bxc5
{White resigns} 0-1

[Event "Team 45 45 League T41"]
[Site "Internet Chess Club"]
[Date "2009.06.22"]
[Round "8"]
[White "PaulKaspar"]
[Black "mugurelt"]
[Result "1-0"]
[WhiteElo "1856"]
[BlackElo "1725"]
[Opening "Sicilian defense"]
[ECO "B20"]
[Time "16:32:35"]
[TimeControl "2700+45"]

1. e4 c5 2. Bd3 Nc6 3. Nf3 g6 4. c3 Bg7 5. Bc2 d5 6. exd5 Qxd5 7. O-O Bg4 8. d3
Ne5 9. Ba4+ Kd8 10. Nbd2 Qxd3 11. Nxe5 Bxd1 12. Nxd3 Bxa4 13. Nxc5 Bc6 14. Nc4
Bh6 15. Bxh6 Nxh6 16. Rad1+ Kc7 17. Rfe1 e6 18. Ne5 Rhd8 19. Nxc6 Kxc6 20. Ne4
Kc7 21. Ng5 Rxd1 22. Rxd1 Rd8 23. Rxd8 Kxd8 24. Nxh7 Ke7 25. Ng5 Nf5 26. Ne4 Nh4
27. Kf1 f5 28. Ng5 Kf6 29. f4 Nxg2 30. Kxg2 e5 31. Kf3 e4+ 32. Ke3 Ke7 33. Nh3
Kf6 34. Nf2 Ke6 35. Nxe4 fxe4 36. Kxe4 a6 37. c4 b6 38. h4 a5 39. a4 Kd6 40. f5
gxf5+ 41. Kxf5 Kc5 42. h5 Kxc4 43. h6 Kb4 44. h7 Kxa4 45. h8=Q b5 46. Qh3 b4 47.
Qf3 Kb5 48. Qd5+ Ka4 49. Ke4 b3 50. Qc6+ Kb4 51. Kd4 a4 52. Qb6# {Black
checkmated} 1-0